 Dungeon Crawl Stone Soup version 0.17.2-1-ge4368a0 (webtiles) character file.

458 Charly the Slasher (level 7, -1/37 HPs)
             Began as a Vine Stalker Warper on July 9, 2017.
             Was an Initiate of Cheibriados.
             Slain by an iguana (7 damage)
             ... on level 8 of the Dungeon.
             The game lasted 00:12:28 (883 turns).

Charly the Slasher (Vine Stalker Warper)             Turns: 883, Time: 00:12:28

Health: -1/37      AC:  4    Str: 15    XL:     7   Next: 6%
Magic:  0/29       EV: 12    Int: 14    God:    Cheibriados [......]
Gold:   46         SH:  0    Dex: 16    Spells: 4 memorised, 2 levels left

rFire  + + .     SeeInvis .     n - +8 long sword "Haagg" {slice, *Confuse rF++ MP+9 Stlth+}
rCold  . . .     Clarity  .     a - +1 leather armour
rNeg   . . .     SustAt   .     (no shield)
rPois  .         Gourm    .     (no helmet)
rElec  .         Spirit   +     (no cloak)
rCorr  .         Warding  .     (no gloves)
rMut   .         Stasis   .     (no boots)
MR     .....                    (no amulet)
Stlth  ++........               (no ring)
                                f - ring of magical power

@: very slightly contaminated, very slow, not resistant to hostile enchantments,
unstealthy
A: fangs 2, regeneration 2, magic shield, antimagic bite, no device heal 3, rot
immunity
a: Bend Time, Renounce Religion


You were on level 8 of the Dungeon.
You worshipped Cheibriados.
Cheibriados was noncommittal.
You were near starving.

You visited 1 branch of the dungeon, and saw 9 of its levels.

You collected 46 gold pieces.

Inventory:

Hand Weapons
 n - the +8 long sword "Haagg" (weapon) {slice, *Confuse rF++ MP+9 Stlth+}
   (You found it on level 4 of the Dungeon)

   It inflicts extra damage upon your enemies.
   It greatly protects you from fire.
   It affects your magic capacity (+9).
   It may confuse you when you take damage.
   It makes you more stealthy.
Missiles
 d - 5 tomahawks of dispersal (quivered)
Armour
 a - a +1 leather armour (worn)
Jewellery
 f - a ring of magical power (left hand)
Scrolls
 o - 2 scrolls of remove curse
 p - 3 scrolls of immolation
Potions
 l - a potion of flight {unknown}
Books
 b - a book of Spatial Translocations

   Spells                             Type                      Level
   a - Apportation                    Translocation                1
   b - Blink                          Translocation                2
   c - Shroud of Golubria             Charms/Translocation         2
   d - Portal Projectile              Translocation                3
   e - Teleport Other                 Translocation                3
   f - Passage of Golubria            Translocation                4
Comestibles
 e - a bread ration


   Skills:
 + Level 3.7 Fighting
 + Level 4.4 Long Blades
 - Level 0.8 Throwing
 - Level 0.7 Armour
 + Level 1.9 Dodging
 - Level 3.5 Unarmed Combat
 - Level 2.1 Spellcasting
 - Level 3.0 Translocations


You had 2 spell levels left.
You knew the following spells:

 Your Spells              Type           Power        Failure   Level  Hunger
a - Apportation           Tloc           #.........   10%         1    #......
b - Blink                 Tloc           N/A          14%         2    ###....
g - Shroud of Golubria    Chrm/Tloc      #.........   24%         2    ###....
t - Teleport Other        Tloc           #.......     24%         3    ###....


Dungeon Overview and Level Annotations

Branches:
Dungeon (9/15)
 Temple: D:4-7         Lair: D:8-11         Orc: D:9-12

Altars:
Cheibriados
Gozag
Kikubaaqudgha
Ru
Trog
Zin

Annotations:
D:8 Pikel
D:9 stickyfingers's ghost, novice DDGl


Innate Abilities, Weirdness & Mutations

You have extremely sharp teeth.
You heal very quickly.
When hurt, damage is shared between your health and your magic reserves.
Your bite disrupts and absorbs the magic of your enemies.
Potions and wands cannot restore your health.
You are immune to rotting.


Message History

As you read the scroll of blinking, it crumbles to dust.
* * * LOW HITPOINT WARNING * * *
You feel sick.
Drink which item? (? for menu, Esc to quit)
You feel better.
There is an escape hatch in the ceiling here.
A mysterious force pulls you upwards. The hatch slams shut behind you.
The slave shouts!
The iguana hisses angrily.
A quokka skeleton comes into view.
Found 8 gold pieces.
Pikel the Slaver comes into view.
He is wielding a whip of freezing.
Read which item? (? for menu, Esc to quit)
Okay, then.
Pikel shouts!
You hit the iguana.
The iguana is moderately wounded.
The iguana bites you!
* * * LOW HITPOINT WARNING * * *
The iguana bites you!
You die...

#...Z +....
##....###
........#
........#
........#
$.......#
......l@#
........#
.........
.K..p.....
p.#####....
. ......
.......
........


You could see Pikel, 2 slaves, an iguana and a quokka skeleton (dormant).

Vanquished Creatures
  2 ogres
  A giant frog (D:9)
  A scorpion (D:5)
  An orc priest (D:5)
  2 worker ants
  A worker ant zombie (D:9)
  3 gnolls
  An adder (D:3)
  A shadow imp (D:5)
  2 giant geckos (D:1)
  3 orcs (D:5)
  A ball python (D:5)
  A giant cockroach (D:1)
  3 hobgoblins (D:1)
  3 jackals (D:4)
  A ball python skeleton (D:4)
  A giant newt (D:2)
  2 kobolds
  3 rats
33 creatures vanquished.

Notes
Turn   | Place    | Note
--------------------------------------------------------------
     0 | D:1      | Charly the Vine Stalker Warper began the quest for the Orb.
     0 | D:1      | Reached XP level 1. HP: 11/11 MP: 4/4
    94 | D:1      | Reached XP level 2. HP: 12/15 MP: 4/6
   102 | D:1      | Learned a level 2 spell: Blink
   105 | D:1      | Learned a level 2 spell: Shroud of Golubria
   260 | D:3      | Reached XP level 3. HP: 10/18 MP: 5/7
   307 | D:4      | Got a polished long sword
   308 | D:4      | Identified the +8 long sword "Haagg" {slice, *Confuse rF++ MP+9 Stlth+} (You found it on level 4 of the Dungeon)
   315 | D:4      | Found an opulent altar of Gozag.
   355 | D:5      | Entered Level 5 of the Dungeon
   360 | D:5      | Noticed an ogre
   367 | D:5      | Killed an ogre
   367 | D:5      | Reached XP level 4. HP: 21/24 MP: 8/8
   376 | D:5      | Noticed a scorpion
   414 | D:5      | Killed a scorpion
   414 | D:5      | Reached skill level 1 in Long Blades
   414 | D:5      | Reached XP level 5. HP: 21/28 MP: 9/9
   465 | D:4      | Found a sacrificial altar of Ru.
   465 | D:4      | Found a glowing silver altar of Zin.
   465 | D:4      | Found a bloodstained altar of Trog.
   465 | D:4      | Found a snail-covered altar of Cheibriados.
   468 | D:4      | Found an ancient bone altar of Kikubaaqudgha.
   473 | D:4      | Became a worshipper of Cheibriados the Contemplative
   485 | D:4      | Learned a level 3 spell: Teleport Other
   500 | D:5      | mp+
   590 | D:5      | Gained mutation: You heal very quickly. [Vine Stalker growth]
   590 | D:5      | Reached XP level 6. HP: 32/32 MP: 10/10
   614 | D:5      | Got an ebony long sword
   628 | D:6      | waste ench
   769 | D:8      | Identified the +7 long sword "Newtbane" {slice, Dex+2} (You found it on level 5 of the Dungeon)
   786 | D:9      | Reached skill level 4 in Long Blades
   799 | D:9      | Reached XP level 7. HP: 35/37 MP: 11/11
   831 | D:9      | Noticed stickyfingers's ghost (novice DDGl)
   883 | D:8      | Noticed Pikel
   883 | D:8      | Slain by an iguana

Action                   |  1- 3 |  4- 6 |  7- 9 || total
-------------------------+-------+-------+-------++-------
Melee: Unarmed           |    77 |       |       ||    77
       Long sword        |     3 |    34 |     9 ||    46
 Cast: Shroud of Golubri |     2 |     2 |       ||     4
       Blink             |       |     1 |     6 ||     7
       Teleport Other    |       |       |     1 ||     1
  Use: Scroll            |     1 |     7 |     1 ||     9
       Potion            |       |     2 |     1 ||     3
